 Dungeon Crawl Stone Soup version 0.17.0-24-gcfadda4 (console) character file.

67 gw the Shooter (level 4, 0/30 HPs)
             Began as a High Elf Hunter on Nov 16, 2015.
             Slain by a sky beast (5 damage)
             ... on level 3 of the Dungeon.
             The game lasted 00:01:09 (2542 turns).

gw the Shooter (High Elf Hunter)                    Turns: 2542, Time: 00:01:09

Health: 0/30       AC:  5    Str: 11    XL:     4   Next: 0%
Magic:  5/5        EV: 12    Int: 14    God:
Gold:   32         SH:  0    Dex: 17    Spells: 0 memorised, 3 levels left

rFire  . . .     SeeInvis .     c - +0 short sword
rCold  . . .     Clarity  .     i - +0 ring mail
rNeg   + . .     SustAt   .     (no shield)
rPois  .         Gourm    .     (no helmet)
rElec  .         Spirit   .     (no cloak)
rCorr  .         Warding  +     (no gloves)
rMut   .         Stasis   .     (no boots)
MR     .....                    q - amulet of warding
Stlth  +.........               (no ring)
                                (no ring)

@: not resistant to hostile enchantments, very unstealthy
A: no striking features
a: no special abilities


You were on level 3 of the Dungeon.
You were hungry.

You visited 1 branch of the dungeon, and saw 3 of its levels.

You collected 32 gold pieces.

Inventory:

Hand Weapons
 a - a +1 shortbow
 c - a +0 short sword (weapon)
Missiles
 b - 36 arrows
Armour
 i - a +0 ring mail (worn)
Jewellery
 q - an amulet of warding (around neck)
Scrolls
 f - a scroll of identify
 j - a scroll of magic mapping {unknown}
Potions
 d - a potion of poison {unknown}
 h - a potion of might {unknown}
Comestibles
 e - 3 bread rations
 n - 2 slices of pizza
 p - 2 meat rations


   Skills:
 + Level 2.8 Fighting
 * Level 6.0 Bows
 + Level 3.3 Dodging
 - Level 1.1 Stealth


You had 3 spell levels left.
You didn't know any spells.

Dungeon Overview and Level Annotations

Branches:
Dungeon (3/15)

Altars:
Kikubaaqudgha


Message History

You hit something but do no damage. Something hits you. Something shocks you.
ATTACKING (0,1)
You miss something. Something hits you but does no damage.
ATTACKING (0,1)
You closely miss something.
A sky beast appears from thin air!
Reactivating autopickup.
The sky beast hits you but does no damage.
ATTACKING (0,1)
You hit the sky beast.
The sky beast is lightly wounded.
The sky beast flickers out of sight!
Deactivating autopickup; reactivate with Ctrl-A.
Something hits you. Something shocks you.
ATTACKING (0,1)
You barely miss something. Something hits you. Something shocks you.
ATTACKING (0,1)
You barely miss something.
A sky beast appears from thin air!
Reactivating autopickup.
The sky beast hits you. The sky beast shocks you.
You die...

.## .. .#
##.# #
##.. .#.#
#..#.(.(#
#...o#
#)#)##
#e#.#
#Y#.#
#.#.#
#.#.#
#.#.#
#.#.# #
#.#.# #
####(#.# #
#......###
#


You could see a sky beast.

Table legend:
 A = Turns spent in this place as a percentage of turns spent in the entire game.
 B = Non-inter-level travel turns spent in this place as a percentage of non-inter-level travel turns spent in the entire game.
 C = Inter-level travel turns spent in this place as a percentage of turns spent in this place.
 D = Turns resting spent in this place as a percentage of non-inter-level travel turns spent in this place.
 E = Turns spent auto-exploring this place as a percentage of non-inter-level travel turns spent in this place.
 F = Non-inter-level travel turns spent in this place divided by the number of levels of this place that you've seen.
                   A       B       C       D       E      F
               +-------+-------+-------+-------+-------+----------------------
         Total | 100.0 | 100.0 |   0.3 |   1.1 |   2.8 | 931.3
       Dungeon | 100.0 | 100.0 |   0.3 |   1.1 |   2.8 | 931.3
               +-------+-------+-------+-------+-------+----------------------

Table legend:
 A = Kills in this place as a percentage of kills in entire the game.
 B = Kills by you in this place as a percentage of kills by you in the entire game.
 C = Kills by friends in this place as a percentage of kills by friends in the entire game.
 D = Other kills in this place as a percentage of other kills in the entire game.
 E = Experience gained in this place as a percentage of experience gained in the entire game.
 F = Experience gained in this place divided by the number of levels of this place that you have seen.
                   A       B       C       D       E      F
               +-------+-------+-------+-------+-------+----------------------
         Total | 100.0 | 100.0 |  -nan |  -nan | 100.0 |  32.3
       Dungeon | 100.0 | 100.0 |  -nan |  -nan | 100.0 |  32.3
               +-------+-------+-------+-------+-------+----------------------

Vanquished Creatures
  2 adders
  2 worms
  2 orcs (D:3)
  2 giant cockroaches
  8 goblins
  2 hobgoblins (D:2)
  2 jackals (D:2)
  7 kobolds
  A quokka (D:3)
  2 ball pythons (D:1)
  6 bats
  A giant newt (D:1)
  2 rats (D:2)
39 creatures vanquished.

Notes
Turn   | Place    | Note
--------------------------------------------------------------
     0 | D:1      | gw the High Elf Hunter began the quest for the Orb.
     0 | D:1      | Reached XP level 1. HP: 14/14 MP: 2/2
   381 | D:1      | Reached XP level 2. HP: 19/19 MP: 3/3
  1023 | D:2      | Found an ancient bone altar of Kikubaaqudgha.
  1130 | D:2      | Reached XP level 3. HP: 25/25 MP: 4/4
  2348 | D:3      | Reached skill level 6 in Bows
  2375 | D:3      | Reached XP level 4. HP: 14/30 MP: 5/5
  2530 | D:3      | Noticed a sky beast
  2542 | D:3      | Slain by a sky beast

Action                   |  1- 3 |  4- 6 || total
-------------------------+-------+-------++-------
Melee: Short sword       |    81 |     6 ||    87
 Fire: Shortbow          |    56 |     1 ||    57
  Use: Scroll            |     6 |       ||     6
       Potion            |     4 |       ||     4
 Stab: Sleeping          |     1 |       ||     1
  Eat: Chunk             |     4 |       ||     4

Vault maps used:
D:1:      scummos_arrival_star
D:2:      nicolae_overflow_hidden_temple, grunt_ministairs_9
D:3:      nicolae_overflow_crystal_walls, uniq_jessica
